 Dungeon Crawl Stone Soup version 0.15-a0-2123-gb18dd36 (console) character file.

165 Rainy the Ruinous (level 5, 0/28 HPs)
             Began as a Kobold Ice Elementalist on July 16, 2014.
             Slain by a sky beast (5 damage)
             ... on Level 4 of the Dungeon.
             The game lasted 00:08:31 (1141 turns).

Rainy the Ruinous (Kobold Ice Elementalist)         Turns: 1141, Time: 00:08:31

HP   0/28        AC  2     Str  7      XL: 5   Next: 74%
MP   3/11        EV 15     Int 14      God:
Gold 5           SH  0     Dex 16      Spells:  3 memorised,  3 levels left

rFire  . . .     SeeInvis .     q - +1 short sword (venom)
rCold  . . .     Clarity  .     a - +0 robe
rNeg   . . .     rCorr    .     (no shield)
rPois  .         rRot     .     (no helmet)
rElec  .         Spirit   .     (no cloak)
SustAb .         Warding  .     (no gloves)
rMut   .         Stasis   .     (no boots)
Gourm  .                        (no amulet)
MR     .....                    (no ring)
                                (no ring)

@: very slightly contaminated, not resistant to hostile enchantments, unstealthy
A: carnivore 3
a: no special abilities


You were on level 4 of the Dungeon.
You were completely stuffed.

You visited 1 branch of the dungeon, and saw 5 of its levels.

You collected 100 gold pieces.
You spent 95 gold pieces at shops.

Inventory:

Hand weapons
 g - a +0 spear
 h - a +0 cutlass
 l - a +0 trident
 q - a +1 short sword of venom (weapon)
 r - a +1 short sword of protection
Armour
 a - a +0 robe (worn)
 e - a +0 shield
 k - a +1 ring mail of fire resistance
Comestibles
 c - a meat ration
 m - a slice of pizza
Scrolls
 f - 3 scrolls of teleportation
 j - 3 scrolls of fog
 p - a scroll of enchant armour {unknown}
 s - a scroll of identify {unknown}
Potions
 i - a potion of restore abilities {unknown}
 n - a potion of brilliance
 o - a potion of haste {unknown}
 t - a potion of poison {unknown}
Books
 b - a book of Frost

   Spells                             Type                      Level
   *Freeze                            Ice                          1
   *Throw Frost                       Conjuration/Ice              2
   Ozocubu's Armour                   Charms/Ice                   3
   *Throw Icicle                      Conjuration/Ice              4
   Summon Ice Beast                   Ice/Summoning                4
   Condensation Shield                Ice                          4


   Skills:
 - Level 2.4 Dodging
 - Level 2.6 Stealth
 - Level 3.0 Spellcasting
 + Level 3.6 Conjurations
 + Level 3.5 Ice Magic


You had 3 spell levels left.
You knew the following spells:

 Your Spells              Type           Power        Failure   Level  Hunger
a - Freeze                Ice            ##..         6%          1    #......
b - Throw Frost           Conj/Ice       ##....       10%         2    ##.....
c - Throw Icicle          Conj/Ice       ##......     58%         4    #####..


Dungeon Overview and Level Annotations

Branches:
Dungeon (5/15)
 Temple: D:4-7

Altars:
Dithmenos
Okawaru
Xom

Shops:
D:4 [?!

Annotations:
D:4 Natasha


Innate Abilities, Weirdness & Mutations

You are small and have problems with some larger weapons.
You are carnivorous and can eat meat at any time.


Message History

Okay, then.
Unknown command.
Read which item? (? for menu, Esc to quit)
Okay, then.
Unknown command.
You aren't carrying any items that can be evoked.
Unknown command.
Drink which item? (? for menu, Esc to quit)
You feel better.
It was a potion of curing.
The sky beast hits you but does no damage.
The sky beast flickers out of sight!
Deactivating autopickup; reactivate with Ctrl-A.
There is a stone staircase leading up here.
Something hits you. Something shocks you.
* * * LOW HITPOINT WARNING * * *
You climb upwards.
Level annotation: Natasha
There is a stone staircase leading down here.
You miss something. Something hits you.
You die...

..........# #.# ### ####
8.##.###.## #.# #.. ...
..##...♣♣ #.# #.# r.
####..#♣### #.# #.# .#
#....'_#♣####.########.##.##.#
##.#♣###♣..................>..
#.# ♣####.)........(..##.. #.#
#..####.#..##.# #.#
#@.####.#..# .# #####.#######
#..#....#..# .# #...........#
#..#.#..#... ..
#.###.#####.#####..∩..###.##.h
#.# #.# #.....###.#.### #.#
### #.# #.###.###.##....# #..
#.# #.....# #......## ##[ #.#
#..##.###.##...# . #.#
#..##.....######


There were no monsters in sight!

Vanquished Creatures
  2 worker ants (D:4)
  6 adders
  2 gnolls (D:4)
  A giant gecko (D:4)
  3 orcs
  6 bats
  A giant cockroach (D:2)
  5 goblins
  2 hobgoblins
  A jackal (D:1)
  3 quokkas
  2 ball pythons
  A giant newt (D:2)
  A goblin skeleton (D:4)
  A jackal skeleton (D:4)
  3 kobolds
  3 rats
43 creatures vanquished.

Notes
Turn   | Place    | Note
--------------------------------------------------------------
     0 | D:1      | Rainy, the Kobold Ice Elementalist, began the quest for the Orb.
     0 | D:1      | Reached XP level 1. HP: 10/10 MP: 3/3
   132 | D:2      | Reached XP level 2. HP: 7/15 MP: 0/5
   136 | D:2      | Learned a level 2 spell: Throw Frost
   203 | D:1      | Reached skill level 1 in Conjurations
   271 | D:2      | Reached XP level 3. HP: 15/19 MP: 6/6
   401 | D:3      | Found an iron altar of Okawaru.
   509 | D:3      | Reached XP level 4. HP: 20/24 MP: 5/9
   516 | D:3      | Learned a level 4 spell: Throw Icicle
   545 | D:4      | Found Ehieruix's Antique Armour Shoppe.
   618 | D:4      | Found Laynal's Distillery.
   622 | D:4      | Bought a potion of brilliance for 25 gold pieces
   659 | D:4      | Found a shimmering altar of Xom.
   675 | D:3      | Reached XP level 5. HP: 9/28 MP: 0/11
   861 | D:3      | Found a shadowy altar of Dithmenos.
   956 | D:4      | Found Esonlyna's Magic Scroll Shop.
   960 | D:4      | Bought a scroll of fog for 28 gold pieces
   960 | D:4      | Bought a scroll of teleportation for 42 gold pieces
  1108 | D:4      | Noticed Natasha
  1125 | D:5      | Entered Level 5 of the Dungeon
  1126 | D:5      | Noticed a sky beast
  1141 | D:4      | Slain by a sky beast

Action                   |  1- 3 |  4- 6 || total
-------------------------+-------+-------++-------
Melee: Unarmed           |     1 |       ||     1
       Cutlass           |    17 |    14 ||    31
       Short sword       |       |    13 ||    13
 Cast: Freeze            |    24 |    34 ||    58
       Throw Frost       |     2 |     7 ||     9
  Use: Potion            |       |     1 ||     1
 Stab: Sleeping          |     1 |     5 ||     6
  Eat: Chunk             |     3 |     7 ||    10
